 Dungeon Crawl Stone Soup version 0.29-a0-323-g050149a (webtiles) character file.

Game seed: 11140799796343148021

6067 Nithhogg the Cleaver (level 10, -4/92 HPs)
             Began as a Hill Orc Fighter on Apr 11, 2022.
             Was a Believer of Qazlal.
             Slain by a vampire
             ... wielding a +2 vampiric halberd
              (10 damage)
             ... in a bailey.
             The game lasted 00:17:15 (9528 turns).

Nithhogg the Cleaver (Hill Orc Fighter)             Turns: 9528, Time: 00:17:16

Health: -4/92      AC: 19    Str: 24    XL:     10   Next: 87%
Magic:  15/15      EV: 15    Int:  8    God:    Qazlal [**....]
Gold:   2282       SH:  3    Dex: 14    Spells: 9/9 levels left

rFire   + . .      SeeInvis .   K - +0 battleaxe
rCold   . . .      Faith    .   (shield currently unavailable)
rNeg    + . .      Spirit   .   o - +5 chain mail of Nibovah {rF+ Dex+4}
rPois   .          Reflect  .   G - +2 helmet
rElec   .          Harm     .   (no cloak)
rCorr   .          Rampage  .   (no gloves)
Will    .....                   (no boots)
Stlth   ..........              (no amulet)
HPRegen 0.25/turn               k - ring of positive energy
MPRegen 0.14/turn               I - +4 ring of evasion

@: hasted, very quick
A: no striking features
a: Renounce Religion, Upheaval


You were in a bailey.
You worshipped Qazlal.
Qazlal was pleased with you.
You visited 2 branches of the dungeon, and saw 10 of its levels.
You also visited: Sewer, Ossuary and Bailey.

You collected 2282 gold pieces.

Inventory:

Hand Weapons
 a - a +1 war axe
 i - a +0 broad axe
 K - a +0 battleaxe (weapon)
Armour
 c - a +0 buckler
 f - a +3 chain mail of cold resistance
 o - the +5 chain mail of Nibovah (worn) {rF+ Dex+4}
   (You found it on level 2 of the Dungeon)

   Dex:       It affects your dexterity (+4).
   rF:        It protects you from fire.
 p - a +1 chain mail of poison resistance
 G - a +2 helmet (worn)
Jewellery
 k - a ring of positive energy (left hand)
 F - a +6 ring of intelligence
 I - a +4 ring of evasion (right hand)
Wands
 s - a wand of flame (32)
 u - a wand of polymorph (9)
 C - a wand of iceblast (3)
Scrolls
 b - a scroll of amnesia
 g - 7 scrolls of teleportation
 h - a scroll of immolation
 n - a scroll of summoning
 v - a scroll of silence
 x - a scroll of fog
 y - a scroll of magic mapping
 B - 3 scrolls of fear
 J - a scroll of enchant weapon
Potions
 d - 2 potions of invisibility
 e - a potion of lignification {unknown}
 l - 2 potions of degeneration {unknown}
 q - a potion of berserk rage {unknown}
 r - 2 potions of cancellation {unknown}
 t - 3 potions of brilliance
 w - a potion of attraction {unknown}
 z - 2 potions of mutation {unknown}
 A - 4 potions of resistance {unknown}


   Skills:
 + Level 9.7 Fighting
 + Level 10.2 Axes
 + Level 8.9 Armour
 + Level 6.1 Dodging
 - Level 3.2 Shields
 + Level 7.4 Invocations


You had 9 spell levels left.
You didn't know any spells.
Your spell library contained the following spells:

 Spells                   Type           Power      Damage    Failure   Level
 Apportation              Tloc           0%         N/A       94%         1
 Summon Small Mammal      Summ           0%         N/A       94%         1
 Corpse Rot               Necr/Air       0%         N/A       98%         2
 Poisonous Vapours        Pois/Air       0%         N/A       98%         2
 Call Canine Familiar     Summ           0%         N/A       100%        3
 Summon Guardian Golem    Hex/Summ       0%         N/A       100%        3
 Hailstorm                Conj/Ice       0%         3d3       100%        4
 Ice Form                 Ice/Tmut       0%         N/A       100%        4
 Alistair's Intoxication  Tmut/Pois      0%         N/A       100%        5
 Simulacrum               Ice/Necr       0%         N/A       100%        6


Dungeon Overview and Level Annotations

Branches:
Dungeon (9/15)             Temple (1/1) D:4            Lair (0/6) D:8
  Sewer (visited)         Ossuary (visited)          Bailey (1/1)
    Orc: D:9-12

Altars:
Ashenzari
Cheibriados
Dithmenos
Elyvilon
Gozag
Hepliaklqana
Kikubaaqudgha
Makhleb
Nemelex Xobeh
Qazlal
Ru
Sif Muna
Trog
Uskayaw
Vehumet
Wu Jian
Xom
Yredelemnul
Zin

Shops:
D:6 :


Message History

Aiming: Iceblast
Press: ? - help, Shift-Dir - straight line The mass of ice explodes!
The iceblast engulfs something!
You hear some strange, mumbled words.
You are confused.
You are too confused!
You bump into the stone wall.
Something completely misses you.
A vampire appears from thin air!
Reactivating autopickup.
The vampire hits you from afar with a +2 vampiric halberd.
* * * LOW HITPOINT WARNING * * *
You bump into the stone wall.
The vampire misses you.
You feel less confused.
You see here a +0 spear.
You feel yourself speed up.
You slash the vampire!
The vampire is heavily damaged.
The vampire closely misses you. The vampire completely misses you.
You hit the vampire but do no damage.
The vampire is heavily damaged.
The vampire points at you and mumbles some strange words.
You are confused.
You slash the vampire!
The vampire is severely damaged.
The vampire casts a spell.
The vampire flickers and vanishes!
Deactivating autopickup; reactivate with Ctrl-A.
You hit something but do no damage. You barely miss something.
Something draws life force from you.
* * * LOW HITPOINT WARNING * * *
You're too confused to move!
Something hits you but does no damage. Something completely misses you.
Something closely misses you.
You're too confused to move!
You're too confused to move!
You feel less confused. Something hits you!
* * * LOW HITPOINT WARNING * * *
Something hits you!
You die...

#................#
#................#
###.....♣........##
+....♣.....♣....#
#...♣...........#
##..........####+#
#......♣....#
#..♣.....)))#
#........@.)#
#.....°.....#
...♣...#...####
.......####....+
8.....##..##...+
#########.)..#...#
#8........)).....#
#.........#......#
###''##...##....8#


There were no monsters in sight!

Vanquished Creatures
  A two-headed ogre (D:6)
  Pikel (D:4)
  A gargoyle (Bailey)
  A wraith (Ossuary)
  4 yaks (D:9)
  4 steam dragons
  3 water moccasins (D:7)
  3 ice beasts (D:6)
  2 sky beasts (D:7)
  Pargi (Sewer)
  4 orc warriors
  An ogre (D:5)
  2 kobold brigands
  3 necrophages
  4 bullfrogs (D:7)
  2 gnoll sergeants
  5 scorpions
  2 jellies
  Crazy Yiuf (D:4)
  4 orc priests
  5 hounds
  Natasha (thrice) (D:3)
  10 orc wizards
  Terence (D:2)
  A mummy (Ossuary)
  Robin (D:2)
  15 adders
  7 gnolls
  A shadow imp (D:7)
  2 white imps
  An ufetubus (D:6)
  4 worms
  27 orcs
  7 ball pythons
  7 endoplasms
  A giant cockroach (D:1)
  12 hobgoblins
  8 jackals
  2 quokkas
  6 bats
  4 frilled lizards
  5 gnoll skeletons (Ossuary)
  10 goblins
  19 kobolds
  5 kobold skeletons (Ossuary)
  15 orc skeletons (Ossuary)
  13 orc zombies (Bailey)
  12 rats
253 creatures vanquished.

Vanquished Creatures (others)
  A gnoll (D:6)
1 creature vanquished.

Grand Total: 254 creatures vanquished

Notes
Turn   | Place    | Note
-------+----------+-------------------------------------------
     0 | D:1      | Nithhogg the Hill Orc Fighter began the quest for the Orb.
     0 | D:1      | Reached XP level 1. HP: 19/19 MP: 1/1
   173 | D:1      | Reached XP level 2. HP: 25/27 MP: 2/2
   253 | D:1      | Reached skill level 3 in Axes
   875 | D:1      | Reached XP level 3. HP: 31/33 MP: 3/3
   973 | D:1      | Found a faded altar of an unknown god.
  1380 | D:2      | Noticed Terence
  1389 | D:2      | Killed Terence
  1390 | D:2      | Reached skill level 1 in Dodging
  1506 | D:2      | Identified the +5 chain mail of Nibovah {rF+ Dex+4}
  1577 | D:2      | Reached XP level 4. HP: 39/40 MP: 4/4
  2212 | D:2      | Noticed Robin
  2221 | D:2      | Killed Robin
  2222 | D:2      | Reached skill level 4 in Axes
  2230 | D:2      | Reached XP level 5. HP: 45/47 MP: 5/5
  2450 | D:3      | Noticed Natasha
  2457 | D:3      | Killed Natasha
  2534 | D:3      | Found an opulent altar of Gozag.
  2570 | D:3      | Found a glowing drain.
  2586 | Sewer    | Entered a sewer
  2733 | Sewer    | Noticed Pargi
  2746 | Sewer    | Killed Pargi
  2747 | Sewer    | Reached skill level 5 in Fighting
  2747 | Sewer    | Reached XP level 6. HP: 41/56 MP: 6/6
  2985 | D:3      | Noticed Natasha
  2992 | D:3      | Killed Natasha
  3152 | D:3      | Noticed Natasha
  3166 | D:3      | Killed Natasha
  3167 | D:3      | Reached skill level 5 in Axes
  3594 | D:3      | Found an ancient bone altar of Kikubaaqudgha.
  3685 | D:4      | Noticed Pikel
  3689 | D:4      | Paralysed by Pikel for 7 turns
  3708 | D:4      | Paralysed by Pikel for 4 turns
  3719 | D:4      | Paralysed by Pikel for 4 turns
  3738 | D:4      | Killed Pikel
  3739 | D:4      | Reached skill level 6 in Axes
  3739 | D:4      | Reached skill level 5 in Armour
  3739 | D:4      | Reached XP level 7. HP: 43/63 MP: 7/7
  3778 | D:4      | Reached XP level 8. HP: 47/71 MP: 8/8
  3787 | D:4      | Found a sand-covered staircase.
  3794 | Ossuary  | Entered an ossuary
  3794 | Ossuary  | Noticed a wraith
  3794 | Ossuary  | Noticed a wraith
  3794 | Ossuary  | Noticed a wraith
  3963 | Ossuary  | Noticed a wraith
  4027 | Ossuary  | Killed a wraith
  4162 | Ossuary  | Identified a scroll of acquirement
  4162 | Ossuary  | Acquired 801 gold pieces
  4267 | D:4      | Found a staircase to the Ecumenical Temple.
  4284 | Temple   | Entered the Ecumenical Temple
  4406 | Temple   | Became a worshipper of Qazlal Stormbringer
  4533 | D:4      | Found a runed translucent door.
  4534 | D:4      | Noticed Crazy Yiuf
  5026 | D:4      | Found a burning altar of Makhleb.
  5026 | D:4      | Noticed a cacodemon
  5033 | D:4      | Noticed a ynoxinul
  5109 | D:4      | Killed Crazy Yiuf
  5177 | D:5      | Entered Level 5 of the Dungeon
  5236 | D:5      | Reached skill level 1 in Invocations
  5419 | D:5      | Reached skill level 7 in Axes
  6457 | D:6      | Found Jouh's Self-Improvement Boutique.
  6581 | D:6      | Reached XP level 9. HP: 70/79 MP: 11/11
  6743 | D:6      | Reached skill level 8 in Axes
  6969 | D:6      | Noticed a two-headed ogre
  7012 | D:6      | Killed a two-headed ogre
  7013 | D:6      | Reached skill level 5 in Dodging
  7013 | D:6      | Reached skill level 5 in Invocations
  7192 | D:7      | Reached * piety under Qazlal
  7265 | D:7      | Reached skill level 9 in Axes
  7269 | D:7      | Reached XP level 10. HP: 90/90 MP: 14/14
  8495 | D:8      | Found a basalt altar of Yredelemnul.
  8579 | D:8      | Found a staircase to the Lair.
  8744 | D:9      | Reached ** piety under Qazlal
  8892 | D:9      | Found a glowing silver altar of Zin.
  8909 | D:9      | Reached skill level 10 in Axes
  8943 | D:9      | Found a flagged portal.
  8966 | Bailey   | Entered a bailey
  9211 | Bailey   | Acquired 908 gold pieces
  9381 | Bailey   | Noticed a gargoyle
  9391 | Bailey   | Killed a gargoyle
  9528 | Bailey   | Slain by a vampire

Illustrated notes

Levels and vault maps discovered:
D:1:      onia_arrival_handbag, layout_basic,
          shapermc_ecumenical_altar_hornbeckon
D:2:      minmay_diamond_boxcup, layout_basic, nicolae_wormholes, uniq_robin,
          uniq_terence
D:3:      layout_basic, nicolae_kikubaaqudgha_miasma_corner,
          grunt_gozag_breadcrumbs, cheibrodos_sewer_entry_bend, uniq_natasha
D:4:      layout_basic, makhleb_altar_promises_db,
          minmay_temple_entry_statues_pillars, chequers_ossuary_entry_cave,
          hangedman_abyss_or_decor_lesser_grid, uniq_pikel,
          uniq_crazy_yiuf_cottage
D:5:      layout_basic, grunt_ministairs_13, minmay_door_square, st_stairs_5
D:6:      layout_rooms, nicolae_shop_self_help
D:7:      layout_basic
D:8:      layout_rooms, mainiacjoe_overflow_small_starburst, lair_entry_dummy
D:9:      kennysheep_six_static_rooms, layout_loops_ring,
          mainiacjoe_overflow_cross_hatched, enter_bailey_2, serial_shops,
          kennysheep_mini, serial_bayou_pond_a
Temple:   zaba_magenta_temple
Bailey:   bailey_polearm_vampire_castle_hellmonk, bailey

Skill      XL: |  1  2  3  4  5  6  7  8  9 10 |
---------------+-------------------------------+-----
Axes           | 3 4 6 7 9 10 | 10.2
Fighting       | 4 5 6 7 8 9 |  9.7
Dodging        | 1 2 3 4 5 6 |  6.1
Armour         | 4 5 6 7 8 |  8.9
Invocations    | 3 5 7 |  7.4
Shields        | |  3.2

Action                   |  1- 3 |  4- 6 |  7- 9 | 10-12 || total
-------------------------+-------+-------+-------+-------++-------
Melee: War axe           |    81 |   193 |   305 |   192 ||   771
       Punch             |     1 |     1 |     3 |     1 ||     6
       Battleaxe         |       |       |       |    45 ||    45
Evoke: Wand              |       |       |     5 |     2 ||     7
  Use: Potion            |       |     2 |     2 |     8 ||    12
       Scroll            |       |       |    10 |     7 ||    17
Armor: Scale mail        |    30 |       |       |       ||    30
       Plate armour      |     6 |       |       |       ||     6
       Chain mail        |     4 |   169 |   229 |   113 ||   515
Dodge: Dodged            |    37 |    97 |   186 |   149 ||   469
Block: Other             |       |       |       |    13 ||    13

Table legend: (Time is in decaauts)
 A = Elapsed time spent in this place.
 B = Non-inter-level travel time spent in this place.
 C = Inter-level travel time spent in this place.
 D = Time resting spent in this place.
 E = Time spent auto-exploring this place.
 F = Levels seen in this place.
 G = Mean time per level.
                   A        B        C        D        E       F      G
               +--------+--------+--------+--------+--------+-----+--------+
         Total |   9742 |   9525 |    217 |    244 |   7218 |  13 |  749.4 |
       Dungeon |   8082 |   7884 |    198 |      0 |   6188 |   9 |  898.0 |
        Temple |    193 |    174 |     19 |      0 |    162 |   1 |  193.0 |
         Sewer |    360 |    360 |      0 |      0 |    315 |   1 |  360.0 |
       Ossuary |    543 |    543 |      0 |      0 |    369 |   1 |  543.0 |
        Bailey |    562 |    562 |      0 |    244 |    183 |   1 |  562.0 |
               +--------+--------+--------+--------+--------+-----+--------+

Top non-repeatable levels by time:
     D:1: 1402 daAuts
     D:5: 1147 daAuts
     D:2: 1098 daAuts
     D:7: 927 daAuts
     D:4: 899 daAuts
     D:3: 871 daAuts
     D:6: 830 daAuts
     D:8: 667 daAuts
  Bailey: 562 daAuts
 Ossuary: 543 daAuts
   Sewer: 360 daAuts
     D:9: 238 daAuts
  Temple: 193 daAuts
